 Dungeon Crawl Stone Soup version 0.31-a0-369-g8eba5f6939 (webtiles) character file.

Game seed: 1862047639803454592

298 gelatine the Chopper (level 6, 0/44 (46) HPs)
             Began as a Demonspawn Gladiator on July 28, 2023.
             Killed from afar by a white imp (8 damage)
             ... with a puff of frost
             ... summoned by Eustachio
             ... on level 4 of the Dungeon.
             The game lasted 00:05:36 (2313 turns).

gelatine the Chopper (Demonspawn Gladiator)         Turns: 2313, Time: 00:05:36

HP:   0/44 (46)     AC:  7    Str: 16    XL:     6   Next: 13%
MP:   6/6           EV: 17    Int: 10    God:
Gold: 195           SH:  5    Dex: 14    Spells: 5/5 levels left

rFire   . . .        a - +0 war axe
rCold   . . .        (no shield)
rNeg    . . .        b - +0 leather armour
rPois   .            c - +0 helmet
rElec   .            (no cloak)
rCorr   .            (no gloves)
SInv    .            g - +0 pair of boots
Will    .....        j - amulet of reflection
Stlth   +            m - +5 ring of evasion
HPRegen 0.27/turn    (no ring)
MPRegen 0.20/turn

%: reflection
@: lightly drained
A: yellow scales 1, ignite blood 1, magic regeneration, weakness stinger 1
a: no special abilities


You were on level 4 of the Dungeon.
You visited 1 branch of the dungeon, and saw 4 of its levels.

You collected 195 gold pieces.

Inventory:

Hand Weapons
 a - a +0 war axe (weapon)
Missiles
 d - 4 throwing nets (quivered)
 e - a javelin
Armour
 b - a +0 leather armour (worn)
 c - a +0 helmet (worn)
 g - a +0 pair of boots (worn)
Jewellery
 i - a ring of fire
 j - an amulet of reflection (around neck)
 m - a +5 ring of evasion (left hand)
Talismans
 k - a beast talisman
Scrolls
 f - 4 scrolls of identify {unknown}
 l - a scroll of acquirement {unknown}
 o - a scroll of poison {unknown}
 p - a scroll of torment {unknown}
Potions
 h - a potion of resistance {unknown}
 n - a potion of might {unknown}


   Skills:
 * Level 2.8 Fighting
 * Level 5.1 Axes
 + Level 1.8 Throwing
 * Level 1.7 Armour
 * Level 3.4 Dodging
 + Level 0.2 Stealth
 + Level 0.2 Shields


You had 5 spell levels left.
You didn't know any spells.
Your spell library contained the following spells:

 Spells                   Type           Power      Damage    Failure   Level
 Call Canine Familiar     Summ           0%         N/A       80%         3
 Dazzling Flash           Conj/Hex       0%         N/A       80%         3
 Portal Projectile        Hex/Tloc       0%         N/A       80%         3
 Volatile Blastmotes      Fire/Tloc      0%         2d10      80%         3
 Fulminant Prism          Conj/Hex       0%         3d5       99%         4
 Iskenderun's Mystic Bla  Conj/Tloc      0%         2d3       99%         4
 Leda's Liquefaction      Hex/Erth       0%         N/A       99%         4
 Agony                    Necr           0%         N/A       100%        5
 Silence                  Hex/Air        0%         N/A       100%        5


Dungeon Overview and Level Annotations

Branches:
Dungeon (4/15)
 Temple: D:4-7

Altars:

Annotations:
D:4 Eustachio


Innate Abilities, Weirdness & Mutations

You are partially covered in yellow scales. (AC +2)
Your demonic aura sometimes causes spilled blood to erupt in flames.
You regenerate magic rapidly.
You have a small tail.


Message History

Eustachio is moderately wounded.
You block Eustachio's attack.
Unknown command.
You hit Eustachio.
Your tail-slap misses Eustachio.
Eustachio is heavily wounded.
Eustachio gestures wildly while chanting.
Unknown command.
You hit Eustachio.
Eustachio is heavily wounded.
Eustachio closely misses you.
Eustachio hits you with a +3 rapier of draining!
* * * LOW HITPOINT WARNING * * *
You feel drained.
* * * LOW HITPOINT WARNING * * *
You closely miss Eustachio.
Eustachio is heavily wounded.
You hit the iron imp but do no damage.
Eustachio calls on the powers of shadow!
Eustachio mumbles some strange words.
The iron imp misses you.
Unknown command.
You closely miss Eustachio.
Eustachio is heavily wounded.
You barely miss the iron imp. You barely miss the bat.
You closely miss the rat. The bat hits you but does no damage.
Eustachio gestures wildly while chanting.
The rat closely misses you. The iron imp hits you.
* * * LOW HITPOINT WARNING * * *
You hit Eustachio.
Eustachio is severely wounded.
You hit the bat.
You kill the bat!
The bat's corpse disappears in a puff of smoke!
You barely miss the rat. You hit the iron imp but do no damage.
You block the bat's attack.
Eustachio mumbles some strange words.
Eustachio blinks!
The rat misses you. The white imp gestures at you. The puff of frost hits you!
You die...

###. #..... ..# #@..
.... ... ##... #..#
... ##.... #..# #.#
......######..##..#
.........##......#
.....5)§r#......#
#@5......##
......b.§.......###
..................##
...........#+#.....##
..........8#
#8..#..##
.........###
###.#...## ......<..+
+......## #........#
###...##..#
#8.......##


You could see Eustachio, an iron imp (summoned), a white imp (summoned), a bat
(summoned) and a rat (summoned).

Vanquished Creatures
  An ogre (D:3)
  A jelly (D:3)
  Ijyb (D:4)
  4 gnolls (D:3)
  3 adders
  3 worms
  2 dart slugs (D:2)
  2 orcs (D:3)
  8 bats
  13 endoplasms
  4 giant cockroaches
  6 goblins
  3 hobgoblins
  6 kobolds
  2 quokkas
  9 ball pythons
  3 frilled lizards
  6 rats
77 creatures vanquished.

Notes
Turn   | Place    | Note
-------+----------+-------------------------------------------
     0 | D:1      | gelatine the Demonspawn Gladiator began the quest for the
                  | Orb.
     0 | D:1      | Reached XP level 1. HP: 16/16 MP: 1/1
    99 | D:1      | Found a faded altar of an unknown god.
   130 | D:1      | Gained mutation: You are partially covered in yellow
                  | scales. (AC +2) [demonic ancestry]
   130 | D:1      | Reached XP level 2. HP: 22/22 MP: 2/2
   195 | D:1      | Reached skill level 3 in Axes
   428 | D:1      | Reached skill level 1 in Armour
   700 | D:2      | Reached XP level 3. HP: 27/27 MP: 3/3
  1080 | D:2      | Gained mutation: You regenerate magic rapidly. [demonic
                  | ancestry]
  1080 | D:2      | Reached XP level 4. HP: 34/34 MP: 4/4
  1360 | D:3      | Noticed an ogre
  1386 | D:3      | Killed an ogre
  1387 | D:3      | Reached skill level 4 in Axes
  1387 | D:3      | Gained mutation: Your demonic aura sometimes causes spilled
                  | blood to erupt in flames. [demonic ancestry]
  1387 | D:3      | Reached XP level 5. HP: 39/39 MP: 5/5
  2155 | D:4      | Gained mutation: You have a small tail. [demonic ancestry]
  2155 | D:4      | Reached XP level 6. HP: 39/46 MP: 6/6
  2293 | D:4      | Noticed Ijyb
  2295 | D:4      | Noticed Eustachio
  2304 | D:4      | Killed Ijyb
  2305 | D:4      | Reached skill level 5 in Axes
  2313 | D:4      | Killed from afar by a white imp

Illustrated notes

Levels and vault maps discovered:
D:1:      spicycebolla_green_bress_n_ham_2, layout_rooms,
          ebering_ecumenical_altar_abandoned
D:2:      layout_basic
D:3:      layout_basic
D:4:      layout_cave_pools, minmay_temple_entry_sparse_star, serial_shops,
          nicolae_shop_real_fake_doors, serial_bayou, serial_bayou_shore_b,
          serial_bayou_shore_a, serial_bayou_ford_a, serial_bayou_pond_d,
          columned_hall_lemuel, nicolae_eternal_life, uniq_eustachio, uniq_ijyb

Skill      XL: |  1  2  3  4  5  6 |
---------------+-------------------+-----
Axes           | 3 4 5 |  5.1
Armour         | 1 |  1.7
Dodging        | 3 |  3.4
Fighting       | |  2.8
Throwing       | |  1.8
Stealth        | |  0.2
Shields        | |  0.2

Action                     |  1- 3 |  4- 6 || total
---------------------------+-------+-------++-------
  Melee: War axe           |   116 |   104 ||   220
         Tailslap          |       |     2 ||     2
         Punch             |       |     1 ||     1
  Throw: Throwing net      |     2 |       ||     2
   Stab: Sleeping          |     2 |     1 ||     3
 Armour: Leather armour    |    49 |    16 ||    65
  Dodge: Dodged            |    97 |    77 ||   174
  Block: Other             |     8 |    26 ||    34

Table legend: (Time is in decaauts)
 A = Elapsed time spent in this place.
 B = Non-inter-level travel time spent in this place.
 C = Inter-level travel time spent in this place.
 D = Time resting spent in this place.
 E = Time spent auto-exploring this place.
 F = Levels seen in this place.
 G = Mean time per level.
                   A        B        C        D        E       F      G
               +--------+--------+--------+--------+--------+-----+--------+
         Total |   2381 |   2334 |     47 |      0 |   1686 |   4 |  595.2 |
       Dungeon |   2381 |   2334 |     47 |      0 |   1686 |   4 |  595.2 |
               +--------+--------+--------+--------+--------+-----+--------+

Top non-repeatable levels by time:
     D:3: 898 daAuts
     D:2: 688 daAuts
     D:1: 622 daAuts
     D:4: 172 daAuts
